AoeStats
← Drysoup

Arabia

509620827Analyzed
1v1 RM · 4d ago on Sep 27, 2026· 50m 56s· 2 players
Game mode
Random Map
Map size
Tiny (2 player)
Population
200
Speed
Normal
Resources
Standard
Victory
Conquest
Starting age
Dark Age
Ending age
Imperial Age
RankedLock teamsTeams togetherTeam positionsShared explorationLock speedFull tech treeHidden civsTurbo modeCheats
Victory
Defeat
🇦🇺 Franks · Australia
1341
+18
🇺🇸 Ethiopians · United States
1381
-18
Drysoup
6:00 Loom
6:13 Loom
9:05 Feudal Age
10:02 Double-Bit Axe
22:02 Castle Age
21:28 Scale Barding Armor
21:34 Forging
22:07 Gold Mining
26:03 Chain Barding Armor
31:04 Husbandry
33:11 Bow Saw
34:29 Wheelbarrow
43:13 Imperial Age
41:15 Fletching
44:27 Conscription
44:47 Hand Cart
44:37 Cavalier
47:02 Ballistics
47:54 Heavy Scorpion
alexgelas
7:26 Loom
9:44 Feudal Age
10:13 Double-Bit Axe
10:01 Man-at-Arms
20:31 Wheelbarrow
20:30 Fletching
26:30 Castle Age
25:40 Padded Archer Armor
26:15 Gold Mining
26:40 Scale Mail Armor
26:44 Crossbowman
27:47 Bodkin Arrow
28:57 Ballistics
30:24 Leather Archer Armor
30:14 Town Watch
31:33 Chain Mail Armor
39:56 Scale Barding Armor
42:55 Chain Barding Armor
45:22 Thumb Ring
47:26 Forging
49:36 Iron Casting
51:35 Imperial Age
50:02 Bow Saw
Connection lost

Rejoining the realm…

Still unreachable

The connection could not be restored.

Session expired

The server has moved on; the page needs a fresh start.